 Dungeon Crawl Stone Soup version 0.23-a0-241-g3b46b076a4 (webtiles) character file.

147 Napalmbreeze the Cudgeler (level 5, -2/32 HPs)
             Began as a Gargoyle Gladiator on Sept 27, 2018.
             Slain by Sigmund
             ... wielding a +2 scythe of freezing
              (3 damage)
             ... on level 2 of the Dungeon.
             The game lasted 00:04:41 (2549 turns).

Napalmbreeze the Cudgeler (Gargoyle Gladiator)      Turns: 2549, Time: 00:04:42

Health: -2/32      AC: 11    Str: 18    XL:     5   Next: 29%
Magic:  5/5        EV: 11    Int: 14    God:
Gold:   233        SH:  0    Dex: 11    Spells: 4/4 levels left

rFire    . . .     SeeInvis .   a - +0 flail
rCold    . . .     Gourm    .   (no shield)
rNeg     + . .     Faith    .   p - +0 ring mail
rPois    ∞         Spirit   .   c - +1 helmet
rElec    +         Reflect  .   (no cloak)
rCorr    .         Harm     .   (no gloves)
MR       .....     Rnd*Tele +   (no boots)
Stlth    +.........             r - amulet of the acrobat
HPRegen  0.10/turn              j - ring of teleportation
MPRegen  0.09/turn              (no ring)

@: brilliant
A: negative energy resistance 1, electricity resistance, unbreathing,
petrification resistance, rot immunity, AC +4
a: no special abilities


You were on level 2 of the Dungeon.
You were hungry.

You visited 1 branch of the dungeon, and saw 3 of its levels.

You collected 233 gold pieces.

Inventory:

Hand Weapons
 a - a +0 flail (weapon)
Missiles
 d - 4 throwing nets (quivered)
 n - 15 poisoned needles
Armour
 b - a +0 leather armour
 c - a +1 helmet (worn)
 k - a +0 buckler
 p - a +0 ring mail (worn)
Jewellery
 j - a ring of teleportation (left hand)
 r - an amulet of the acrobat (around neck)
Scrolls
 e - a scroll of amnesia
 h - 3 scrolls of identify
 l - a scroll of enchant armour
Potions
 i - a potion of haste {unknown}
 m - 2 potions of cancellation {unknown}
 o - a potion of might {unknown}
 q - a potion of mutation {unknown}
Comestibles
 f - 3 rations
 s - a chunk of flesh


   Skills:
 + Level 3.4 Fighting
 * Level 4.6 Maces & Flails
 - Level 1.7 Throwing
 + Level 2.3 Armour
 - Level 2.4 Dodging


You had 4 spell levels left.
You didn't know any spells.
Your spell library was empty.

Dungeon Overview and Level Annotations

Branches:
Dungeon (3/15)

Altars:

Annotations:
D:2 Sigmund


Innate Abilities, Weirdness & Mutations

You are resistant to torment.
Your stone body is resilient. (AC +4)
You are immune to poison.
You resist negative energy. (rN+)
You are resistant to electric shocks. (rElec)
You can survive without breathing.
You are immune to petrification.
You are immune to rotting.


Message History

* * * LOW HITPOINT WARNING * * *
The quokka bites you but does no damage.
The quokka completely misses you. The quokka barely misses you.
The quokka completely misses you. The quokka misses you.
Okay, then.
It was a potion of brilliance.
You feel clever all of a sudden.
The quokka bites you but does no damage.
A ball python comes into view.
The ball python hisses angrily.
You are feeling hungry.
The quokka completely misses you.
You hit the bat.
You kill the bat!
Sigmund hits you from afar with a scythe of freezing.
* * * LOW HITPOINT WARNING * * *
Sigmund freezes you.
You die...

#.# #.# #.. #.#
#.# #.# #.# ..#
#.# # ## #.# .#
#.##.####.
########.........
#......@r@S......
#.########†..###.
#.# .#.....
########@# ..
###. .........##
#.# ..........#
.. ######...# ##.
#...# . #...#


You could see Sigmund, a quokka and a ball python.

Vanquished Creatures
  5 adders
  4 gnolls (D:3)
  2 worms (D:3)
  A dart slug (D:1)
  2 leopard geckos
  4 orcs (D:3)
  4 giant cockroaches
  4 goblins
  4 hobgoblins
  A quokka (D:2)
  5 bats
  4 frilled lizards
  8 kobolds
  7 rats
55 creatures vanquished.

Notes
Turn   | Place    | Note
-------+----------+-------------------------------------------
     0 | D:1      | Napalmbreeze the Gargoyle Gladiator began the quest for the
                  | Orb.
     0 | D:1      | Reached XP level 1. HP: 12/12 MP: 1/1
    85 | D:1      | Reached XP level 2. HP: 15/18 MP: 2/2
   665 | D:1      | Reached skill level 1 in Armour
  1181 | D:2      | Reached XP level 3. HP: 22/22 MP: 3/3
  1242 | D:2      | Noticed Sigmund
  1535 | D:3      | Reached skill level 4 in Maces & Flails
  1535 | D:3      | Reached XP level 4. HP: 20/27 MP: 4/4
  2006 | D:3      | Reached XP level 5. HP: 32/32 MP: 5/5
  2549 | D:2      | HP: 1/32 [Sigmund/scythe of freezing (5)]
  2549 | D:2      | Slain by Sigmund

Vault maps used:
D:1:      erik_arrival_cave_to_civilisation
D:2:      minitemple, first_ration, uniq_sigmund

Skill      XL: |  1  2  3  4 |
---------------+-------------+-----
Armour         | 1 2 |  2.3
Maces & Flails | 4 |  4.6
Fighting       | 3 |  3.4
Throwing       | |  1.7
Dodging        | |  2.4

Action                   |  1- 3 |  4- 6 || total
-------------------------+-------+-------++-------
Melee: Flail             |   122 |    86 ||   208
  Use: Scroll            |     5 |       ||     5
       Potion            |       |     1 ||     1
  Eat: Chunk             |     1 |     4 ||     5
Armor: Leather armour    |    27 |       ||    27
       Ring mail         |    36 |    23 ||    59
Dodge: Dodged            |   125 |    64 ||   189

Table legend:
 A = Non-vault XP
 B = Vault XP
 C = Vault XP percentage of total XP
 D = Non-vault monster count
 E = Vault monster count
 F = Vault count percentage of total count
                 A         B        C        D         E       F
            +---------+---------+-------+---------+---------+-------
      Total |     207 |       4 |   1.9 |      53 |       2 |   3.6
            +---------+---------+-------+---------+---------+-------
        D:1 |      29 |       4 |  12.1 |      16 |       2 |  11.1
        D:2 |      27 |       0 |   0.0 |      12 |       0 |   0.0
        D:3 |     151 |       0 |   0.0 |      25 |       0 |   0.0
            +---------+---------+-------+---------+---------+-------
